 Dungeon Crawl Stone Soup version 0.29-a0-25-g7f48f510a0 (webtiles) character file.

Game seed: 9303625333108281089

3 Hubjo the Grave Robber (level 1, -2/13 HPs)
             Began as a Mummy Necromancer on Jan 31, 2022.
             Slain by a gnoll (3 damage)
             ... on level 1 of the Dungeon on Feb 1, 2022.
             The game lasted 00:00:51 (185 turns).

Hubjo the Grave Robber (Mummy Necromancer)           Turns: 185, Time: 00:00:53

Health: -2/13      AC:  2    Str: 11    XL:     1   Next: 41%
Magic:  4/4        EV:  9    Int: 14    God:
Gold:   22         SH:  0    Dex: 12    Spells: 4/5 levels left

rFire   x . .      SeeInvis .   (no weapon)
rCold   + . .      Faith    .   (no shield)
rNeg    + + +      Spirit   .   a - +0 robe
rPois   ∞          Reflect  .   (no helmet)
rElec   .          Harm     .   (no cloak)
rCorr   .          Rampage  .   (no gloves)
Will    .....                   (no boots)
Stlth   ++........              (no amulet)
HPRegen 0.04/turn               (no ring)
MPRegen 0.09/turn               (no ring)

@: constricted
A: cold resistance 1, negative energy resistance 3, torment resistance 2, heat
vulnerability 1, no potions
a: no special abilities


You were on level 1 of the Dungeon.
You visited 1 branch of the dungeon, and saw 1 of its levels.

You collected 22 gold pieces.

Inventory:

Armour
 a - a +0 robe (worn)


   Skills:
 + Level 1.5 Dodging
 + Level 1.6 Stealth
 + Level 2.6 Spellcasting
 + Level 4.1 Necromancy


You had 4 spell levels left.
You knew the following spells:

 Your Spells              Type           Power      Damage    Failure   Level
a - Pain                  Necr           52%        1d6       4%          1

Your spell library contained the following spells:

 Spells                   Type           Power      Damage    Failure   Level
 Animate Skeleton         Necr           26%        N/A       4%          1
 Vampiric Draining        Necr           13%        2d6       12%         3
 Animate Dead             Necr           6%         N/A       38%         4
 Agony                    Necr           13%        N/A       75%         5


Dungeon Overview and Level Annotations

Branches:
Dungeon (1/15)

Altars:


Innate Abilities, Weirdness & Mutations

You are immune to poison.
Your flesh is cold resistant. (rC+)
You are immune to negative energy. (rN+++)
You are immune to unholy pain and torment.
You are vulnerable to heat. (rF-)
You do not drink.


Message History

You hit the endoplasm.
The endoplasm is severely wounded.
The endoplasm misses you.
You hit the endoplasm.
You kill the endoplasm!
You now have 22 gold pieces (gained 12).
HP restored.
A gnoll comes into view. It is wielding a +0 club.
A ball python comes into view.
Found a scroll labelled AZOCI UFOSO.
The ball python hisses angrily.
The gnoll completely misses you.
You hit the gnoll.
The gnoll is lightly wounded.
A ball python comes into view.
The gnoll barely misses you.
The ball python hisses angrily.
You hit the gnoll.
The gnoll is moderately wounded.
The gnoll closely misses you.
You barely miss the gnoll.
The gnoll is moderately wounded.
The ball python bites you. The ball python grabs you.
The ball python constricts you. The gnoll misses you.
You barely miss the gnoll.
The gnoll is moderately wounded.
The ball python misses you. The ball python constricts you.
The gnoll barely misses you.
You closely miss the gnoll.
The gnoll is moderately wounded.
The ball python bites you. The ball python constricts you.
The gnoll hits you with a +0 club.
The ball python's grasp on you weakens, but your attempt to escape fails.
The ball python barely misses you. The ball python constricts you.
* * * LOW HITPOINT WARNING * * *
The ball python bites you.
* * * LOW HITPOINT WARNING * * *
The ball python completely misses you. The ball python constricts you.
The gnoll hits you with a +0 club.
You die...

#.# #.#
#######.# .. ..#
#..^....# .# ###
#.#####.# .# #.#
.# #.# .# #
.#####.###.# ...
#...........#..#
#.#####.##@....#
#.#SgS...#
..#....#.#
#####..## ..
..## .. ... #..
##.


You could see a gnoll and 2 ball pythons.

Vanquished Creatures
  An endoplasm (D:1)
  A goblin (D:1)
  A frilled lizard (D:1)
3 creatures vanquished.

Notes
Turn   | Place    | Note
-------+----------+-------------------------------------------
     0 | D:1      | Hubjo the Mummy Necromancer began the quest for the Orb.
     0 | D:1      | Reached XP level 1. HP: 13/13 MP: 4/4
   185 | D:1      | Slain by a gnoll

Illustrated notes

Levels and vault maps discovered:
D:1:      mrwooster_arrival_statue_2, layout_loops_ring,
          nicolae_ecumenical_snake_handling, st_stairs_11

Action                   || total
-------------------------++-------
Melee: Unarmed           ||    25
Armor: Robe              ||     4
Dodge: Dodged            ||    15

Table legend: (Time is in decaauts)
 A = Elapsed time spent in this place.
 B = Non-inter-level travel time spent in this place.
 C = Inter-level travel time spent in this place.
 D = Time resting spent in this place.
 E = Time spent auto-exploring this place.
 F = Levels seen in this place.
 G = Mean time per level.
                   A        B        C        D        E       F      G
               +--------+--------+--------+--------+--------+-----+--------+
         Total |    185 |    166 |     19 |      0 |    122 |   1 |  185.0 |
       Dungeon |    185 |    166 |     19 |      0 |    122 |   1 |  185.0 |
               +--------+--------+--------+--------+--------+-----+--------+

Top non-repeatable levels by time:
     D:1: 185 daAuts
